TOP OF THE 1ST |
Gilbert Fire Fighters batting - Pitching for Watertown Headhunters : RHP Ray Taylor
|
Pitching: RHP Ray Taylor
|
|
Batting: RHB Carlos Canales
|
0-0: Swinging Strike 0-1: Ball 1-1: Ball 2-1: Ball 3-1: Ground out U3 (Groundball, 34S)
|
Batting: LHB Kyle Robbins
|
0-0: SINGLE (Line Drive, 89S)
|
Batting: LHB Bill Handy
|
0-0: Ball 1-0: Ball Kyle Robbins steals 2nd base 2-0: Ground out 6-3 (Groundball, 6) Kyle Robbins to third
|
Batting: RHB Bill Salinas
|
0-0: Called Strike 0-1: Ground out 4-3 (Groundball, 4)
|
Top of the 1st over - 0 runs, 1 hit, 0 errors, 1 left on base; Gilbert 0 - Watertown 0 |
BOTTOM OF THE 1ST |
Watertown Headhunters batting - Pitching for Gilbert Fire Fighters : RHP Tom Newton
|
Pitching: RHP Tom Newton
|
|
Batting: RHB Gustavo Martínez
|
0-0: Ball 1-0: Ball 2-0: Foul Ball, location: 2F 2-1: Foul Ball, location: 2F 2-2: Strikes out swinging
|
Batting: RHB Johnny Marshall
|
0-0: Ball 1-0: Swinging Strike 1-1: Swinging Strike 1-2: Ball 2-2: Fly out, F8 (Flyball, 8LM)
|
Batting: LHB Leonardo Torres
|
0-0: Fly out, F8 (Flyball, 8LM)
|
Bottom of the 1st over - 0 runs, 0 hits, 0 errors, 0 left on base; Gilbert 0 - Watertown 0 |
TOP OF THE 2ND |
Gilbert Fire Fighters batting - Pitching for Watertown Headhunters : RHP Ray Taylor
|
Batting: RHB Travis Mchugh
|
0-0: Hit by Pitch
|
Batting: SHB Germán Roseima
|
0-0: Ball 1-0: Called Strike 1-1: Fly out, F6 (Line Drive, 6)
|
Batting: RHB Pedro Vásquez
|
0-0: Called Strike 0-1: Ball Pickoff Throw to First - Out! 1-1: Ball 2-1: Foul Ball, location: 2F 2-2: Ball 3-2: Foul Ball, location: 2F 3-2: Strikes out swinging, 2-3 out at first.
|
Top of the 2nd over - 0 runs, 0 hits, 0 errors, 0 left on base; Gilbert 0 - Watertown 0 |
BOTTOM OF THE 2ND |
Watertown Headhunters batting - Pitching for Gilbert Fire Fighters : RHP Tom Newton
|
Batting: SHB Carlos González
|
0-0: Ball 1-0: Foul Ball, location: 2F 1-1: Foul Ball, location: 2F 1-2: Fly out, F6 (Line Drive, 56)
|
Batting: RHB Robinson Martínez
|
0-0: Called Strike 0-1: Foul Ball, location: 2F 0-2: Ball 1-2: SINGLE (Line Drive, 6D)
|
Batting: RHB Trent Rowe
|
0-0: SINGLE (Groundball, 56S) (infield hit) Robinson Martínez to second
|
Batting: RHB Pedro López
|
0-0: Fly out, F9 (Flyball, 89M)
|
Batting: RHB John Weber
|
0-0: Ball 1-0: Swinging Strike 1-1: Ball 2-1: Fielders Choice at 2nd, 6-4 (Groundball, 6)
|
Bottom of the 2nd over - 0 runs, 2 hits, 0 errors, 2 left on base; Gilbert 0 - Watertown 0 |
TOP OF THE 3RD |
Gilbert Fire Fighters batting - Pitching for Watertown Headhunters : RHP Ray Taylor
|
Batting: RHB John Field
|
0-0: Ball 1-0: Called Strike 1-1: Foul Ball, location: 2F 1-2: Strikes out swinging
|
Batting: RHB Pedro Silva
|
0-0: Ball 1-0: Swinging Strike 1-1: Ball 2-1: Swinging Strike 2-2: Strikes out swinging
|
Batting: RHB Carlos Canales
|
0-0: Called Strike 0-1: Ball 1-1: Swinging Strike 1-2: Fly out, F9 (Flyball, 9LSF)
|
Top of the 3rd over - 0 runs, 0 hits, 0 errors, 0 left on base; Gilbert 0 - Watertown 0 |
BOTTOM OF THE 3RD |
Watertown Headhunters batting - Pitching for Gilbert Fire Fighters : RHP Tom Newton
|
Batting: RHB Paco Canó
|
0-0: Swinging Strike 0-1: Ball 1-1: Ball 2-1: Called Strike 2-2: Fly out, F7 (Flyball, 78D)
|
Batting: RHB Gustavo Martínez
|
0-0: Ball 1-0: Ball 2-0: Ground out 6-3 (Groundball, 6)
|
Batting: RHB Johnny Marshall
|
0-0: Foul Ball, location: 2F 0-1: Swinging Strike 0-2: Fly out, F9 (Flyball, 9S)
|
Bottom of the 3rd over - 0 runs, 0 hits, 0 errors, 0 left on base; Gilbert 0 - Watertown 0 |
TOP OF THE 4TH |
Gilbert Fire Fighters batting - Pitching for Watertown Headhunters : RHP Ray Taylor
|
Batting: LHB Kyle Robbins
|
0-0: Swinging Strike 0-1: Called Strike 0-2: Ball 1-2: Ball 2-2: Foul Ball, location: 2F 2-2: Ball 3-2: Fly out, F3 (Popup, 34)
|
Batting: LHB Bill Handy
|
0-0: Foul Ball, location: 2F 0-1: Ball 1-1: Foul Ball, location: 2F 1-2: Foul Ball, location: 2F 1-2: DOUBLE (Flyball, 78D)
|
Batting: RHB Bill Salinas
|
0-0: Ball 1-0: Ball 2-0: Foul Ball, location: 2F 2-1: Called Strike Bill Handy steals 3rd base 2-2: Fly out, F8 (Flyball, 8RS) Runner from 3rd tags up, SCORES, no throw
|
Batting: RHB Travis Mchugh
|
0-0: Ground out 5-3 (Groundball, 5L)
|
Top of the 4th over - 1 run, 1 hit, 0 errors, 0 left on base; Gilbert 1 - Watertown 0 |
BOTTOM OF THE 4TH |
Watertown Headhunters batting - Pitching for Gilbert Fire Fighters : RHP Tom Newton
|
Batting: LHB Leonardo Torres
|
0-0: Ball 1-0: Called Strike 1-1: Fly out, F8 (Flyball, 8LS)
|
Batting: SHB Carlos González
|
0-0: Ground out 5-3 (Groundball, 56)
|
Batting: RHB Robinson Martínez
|
0-0: Called Strike 0-1: Ball 1-1: Foul Ball, location: 2F 1-2: Foul Ball, location: 2F 1-2: Hit by Pitch
|
Batting: RHB Trent Rowe
|
0-0: SINGLE (Groundball, 2R) (infield hit) Robinson Martínez to second
|
Batting: RHB Pedro López
|
0-0: Ball 1-0: Ball 2-0: Called Strike 2-1: Ball 3-1: Fielders Choice at 2nd, 5-4 (Groundball, 56)
|
Bottom of the 4th over - 0 runs, 1 hit, 0 errors, 2 left on base; Gilbert 1 - Watertown 0 |
TOP OF THE 5TH |
Gilbert Fire Fighters batting - Pitching for Watertown Headhunters : RHP Ray Taylor
|
Batting: SHB Germán Roseima
|
0-0: Ball 1-0: Ball 2-0: Ball 3-0: Base on Balls
|
Batting: RHB Pedro Vásquez
|
0-0: Foul Ball, location: 2F 0-1: Called Strike 0-2: Strikes out swinging
|
Batting: RHB John Field
|
0-0: Called Strike 0-1: SINGLE (Line Drive, 56D) Germán Roseima to second
|
Batting: RHB Pedro Silva
|
0-0: Ball 1-0: Called Strike 1-1: Ball 2-1: Ball 3-1: SINGLE (Line Drive, 89M) Germán Roseima to third John Field to second
|
Batting: RHB Carlos Canales
|
0-0: Ball 1-0: Foul Ball, location: 2F 1-1: SINGLE (Groundball, 4D) Germán Roseima scores John Field to third Pedro Silva to second Runner from 3rd tries for Home, SAFE, no throw
|
Batting: LHB Kyle Robbins
|
0-0: Ball 1-0: Ball 2-0: Called Strike 2-1: Ball 3-1: Called Strike 3-2: Foul Ball, location: 2F 3-2: Base on Balls Pedro Silva to third Carlos Canales to second
|
Batting: LHB Bill Handy
|
0-0: Called Strike 0-1: Ball 1-1: Ball 2-1: Ball 3-1: Base on Balls Pedro Silva scores Carlos Canales to third Kyle Robbins to second
|
Batting: RHB Bill Salinas
|
0-0: Grounds into double play, 1-2-3 (Groundball, 13)
|
Top of the 5th over - 3 runs, 3 hits, 0 errors, 2 left on base; Gilbert 4 - Watertown 0 |
BOTTOM OF THE 5TH |
Watertown Headhunters batting - Pitching for Gilbert Fire Fighters : RHP Tom Newton
|
Batting: RHB John Weber
|
0-0: Swinging Strike 0-1: Ball 1-1: Ball 2-1: Foul Ball, location: 2F 2-2: Strikes out swinging
|
Batting: RHB Paco Canó
|
0-0: Ground out 1-3 (Groundball, 13)
|
Batting: RHB Gustavo Martínez
|
0-0: Ball 1-0: Swinging Strike 1-1: Ball 2-1: Ball 3-1: Base on Balls
|
Batting: RHB Johnny Marshall
|
0-0: Called Strike 0-1: Ball Gustavo Martínez is caught stealing 2nd base
|
Bottom of the 5th over - 0 runs, 0 hits, 0 errors, 0 left on base; Gilbert 4 - Watertown 0 |
TOP OF THE 6TH |
Gilbert Fire Fighters batting - Pitching for Watertown Headhunters : RHP Ray Taylor
|
Batting: RHB Travis Mchugh
|
0-0: Foul Ball, location: 2F 0-1: Ball 1-1: Ball 2-1: Called Strike 2-2: Ball 3-2: Foul Ball, location: 2F 3-2: Foul Ball, location: 2F 3-2: Strikes out swinging
|
Batting: SHB Germán Roseima
|
0-0: Called Strike 0-1: Ball 1-1: Ball 2-1: Ball 3-1: Base on Balls
|
Batting: RHB Pedro Vásquez
|
0-0: Called Strike 0-1: SINGLE (Groundball, 34D) Germán Roseima to second Runner from 2nd tries for 3rd, SAFE, throw made to third
|
Pitching: RHP Dave Meyers
|
|
Batting: RHB John Field
|
0-0: Called Strike 0-1: Called Strike Pedro Vásquez steals 2nd base 0-2: Foul Ball, location: 2F 0-2: Foul Ball, location: 2F 0-2: Ground out 6-3 (Groundball, 56D)
|
Batting: RHB Pedro Silva
|
0-0: Ball 1-0: Ball 2-0: Called Strike 2-1: Swinging Strike 2-2: Foul Ball, location: 2F 2-2: Strikes out swinging
|
Top of the 6th over - 0 runs, 1 hit, 0 errors, 2 left on base; Gilbert 4 - Watertown 0 |
BOTTOM OF THE 6TH |
Watertown Headhunters batting - Pitching for Gilbert Fire Fighters : RHP Tom Newton
|
Batting: RHB Johnny Marshall
|
0-0: Called Strike 0-1: Foul Ball, location: 2F 0-2: Ball 1-2: Fly out, F8 (Flyball, 8LD)
|
Batting: LHB Leonardo Torres
|
0-0: SINGLE (Groundball, 56D)
|
Batting: SHB Carlos González
|
0-0: Called Strike 0-1: Ball 1-1: Ball 2-1: Swinging Strike 2-2: Foul Ball, location: 2F 2-2: Foul Ball, location: 2F 2-2: Foul Ball, location: 2F 2-2: Ball 3-2: DOUBLE (Flyball, 89D) Leonardo Torres to third
|
Pinch Runner at 2nd Andrés Gutiérrez:
|
|
Batting: RHB Robinson Martínez
|
0-0: Called Strike 0-1: Fly out, F5 (Line Drive, 5S)
|
Batting: RHB Trent Rowe
|
0-0: Ball 1-0: DOUBLE (Groundball, 3L) Leonardo Torres scores Andrés Gutiérrez scores
|
Batting: RHB Pedro López
|
0-0: Foul Ball, location: 2F 0-1: Ball 1-1: Ball 2-1: Foul Ball, location: 2F 2-2: Ball 3-2: Base on Balls
|
Batting: RHB John Weber
|
0-0: Ground out 2-3 (Groundball, 15S)
|
Bottom of the 6th over - 2 runs, 3 hits, 0 errors, 2 left on base; Gilbert 4 - Watertown 2 |
TOP OF THE 7TH |
Gilbert Fire Fighters batting - Pitching for Watertown Headhunters : RHP Dave Meyers
|
Now at 3B: Andrés Gutiérrez
|
|
Batting: RHB Carlos Canales
|
0-0: Ball 1-0: Ball 2-0: Ground out 5-3 (Groundball, 56S)
|
Batting: LHB Kyle Robbins
|
0-0: Fly out, F2 (Popup, 25F)
|
Batting: LHB Bill Handy
|
0-0: SINGLE (Line Drive, 8RS)
|
Batting: RHB Bill Salinas
|
0-0: Ball 1-0: Foul Ball, location: 2F 1-1: Foul Ball, location: 2F 1-2: Reached on error, E3 (Groundball, 34) Bill Handy to second
|
Batting: RHB Travis Mchugh
|
0-0: Ball 1-0: Ground out 1-3 (Groundball, 13S)
|
Top of the 7th over - 0 runs, 1 hit, 1 error, 2 left on base; Gilbert 4 - Watertown 2 |
BOTTOM OF THE 7TH |
Watertown Headhunters batting - Pitching for Gilbert Fire Fighters : RHP Tom Newton
|
Batting: RHB Paco Canó
|
0-0: Called Strike 0-1: Swinging Strike 0-2: Ground out 6-3 (Groundball, 6M)
|
Batting: RHB Gustavo Martínez
|
0-0: Ball 1-0: Ball 2-0: Called Strike 2-1: Ball 3-1: Called Strike 3-2: Foul Ball, location: 2F 3-2: SINGLE (Groundball, 25) (infield hit)
|
Batting: RHB Johnny Marshall
|
0-0: Ball 1-0: Swinging Strike 1-1: Ball 2-1: Ball 3-1: Foul Ball, location: 2F 3-2: Ground out 5-3 (Groundball, 56S) Gustavo Martínez to second
|
Batting: LHB Leonardo Torres
|
0-0: Ball 1-0: Foul Ball, location: 2F 1-1: Ball 2-1: Ball 3-1: Base on Balls
|
Pitching: RHP Jacob Nolan
|
|
Batting: RHB Andrés Gutiérrez
|
0-0: Called Strike 0-1: Foul Ball, location: 2F 0-2: Strikes out swinging
|
Bottom of the 7th over - 0 runs, 1 hit, 0 errors, 2 left on base; Gilbert 4 - Watertown 2 |
TOP OF THE 8TH |
Gilbert Fire Fighters batting - Pitching for Watertown Headhunters : RHP Dave Meyers
|
Batting: SHB Germán Roseima
|
0-0: Called Strike 0-1: Foul Ball, location: 2F 0-2: Foul Ball, location: 2F 0-2: Ball 1-2: Fly out, F6 (Popup, 6M)
|
Batting: RHB Pedro Vásquez
|
0-0: Called Strike 0-1: Fly out, F9 (Flyball, 9LSF)
|
Batting: RHB John Field
|
0-0: Ball 1-0: Ball 2-0: Foul Ball, location: 2F 2-1: Foul Ball, location: 2F 2-2: Foul Ball, location: 2F 2-2: Strikes out swinging
|
Top of the 8th over - 0 runs, 0 hits, 0 errors, 0 left on base; Gilbert 4 - Watertown 2 |
BOTTOM OF THE 8TH |
Watertown Headhunters batting - Pitching for Gilbert Fire Fighters : RHP Jacob Nolan
|
Now at 2B: Tony Silva
|
|
Now at 3B: Fernando Morán
|
|
Batting: RHB Robinson Martínez
|
0-0: Called Strike 0-1: Foul Ball, location: 2F 0-2: Foul Ball, location: 2F 0-2: Fly out, F8 (Line Drive, 8RXD)
|
Batting: RHB Trent Rowe
|
0-0: Called Strike 0-1: Foul Ball, location: 2F 0-2: Strikes out swinging
|
Batting: RHB Pedro López
|
0-0: Swinging Strike 0-1: Called Strike 0-2: Strikes out swinging
|
Bottom of the 8th over - 0 runs, 0 hits, 0 errors, 0 left on base; Gilbert 4 - Watertown 2 |
TOP OF THE 9TH |
Gilbert Fire Fighters batting - Pitching for Watertown Headhunters : RHP Dave Meyers
|
Pitching: RHP Clint Smith
|
|
Batting: RHB Pedro Silva
|
0-0: Called Strike 0-1: Swinging Strike 0-2: Foul Ball, location: 2F 0-2: Ball 1-2: Ball 2-2: Strikes out swinging
|
Batting: RHB Carlos Canales
|
0-0: Called Strike 0-1: Foul Ball, location: 2F 0-2: Ball 1-2: Reached on error, E5 (Groundball, 56S)
|
Batting: LHB Kyle Robbins
|
0-0: Ball Carlos Canales steals 2nd base 1-0: Called Strike 1-1: Ball 2-1: Ball 3-1: Ground out U3 (Groundball, 34) Carlos Canales to third
|
Batting: LHB Bill Handy
|
0-0: Ball 1-0: Foul Ball, location: 2F 1-1: Ball 2-1: Ball 3-1: Hit by Pitch
|
Batting: RHB Bill Salinas
|
0-0: Ball 1-0: Called Strike 1-1: Ball 2-1: Foul Ball, location: 2F 2-2: Foul Ball, location: 2F 2-2: Fly out, F7 (Line Drive, 7)
|
Top of the 9th over - 0 runs, 0 hits, 1 error, 2 left on base; Gilbert 4 - Watertown 2 |
BOTTOM OF THE 9TH |
Watertown Headhunters batting - Pitching for Gilbert Fire Fighters : RHP Jacob Nolan
|
Pitching: RHP Edgardo Castillo
|
|
Now in LF: Raúl Ottoboni
|
|
Batting: RHB John Weber
|
0-0: Ball 1-0: Ball 2-0: Ball 3-0: Called Strike 3-1: Fly out, F4 (Popup, 4S)
|
Batting: RHB Paco Canó
|
0-0: Ball 1-0: Swinging Strike 1-1: Ball 2-1: Ground out 6-3 (Groundball, 6)
|
Batting: RHB Gustavo Martínez
|
0-0: Called Strike 0-1: Fly out, F5 (Popup, 15S)
|
Bottom of the 9th over - 0 runs, 0 hits, 0 errors, 0 left on base; Gilbert 4 - Watertown 2 |
|